[Event "WR Chess Masters Cup 2024"]
[Site "London"]
[Date "2024.10.14"]
[Round "1.1"]
[White "Erigaisi Arjun"]
[Black "Sivanandan, Bodhana"]
[Result "1-0"]
[ECO "D00"]
[WhiteElo "2797"]
[BlackElo "2088"]
[Annotator "TA"]
[PlyCount "89"]
[EventDate "2024.10.12"]
[EventType "k.o."]
[EventCountry "ENG"]
[SourceTitle "playchess.com"]
[Source "ChessBase"]
[SourceQuality "1"]
[TimeControl "30/3600:20/1800:1800"]

1. d4 d5 2. Bf4 c5 3. e3 Nc6 4. Bb5 e6 5. Nf3 Nf6 6. O-O Be7 7. dxc5 Bxc5 8. c4 {[%emt 0:00:04] White has an edge.} Bd7 9. Nc3 dxc4 ({Better is} 9... a6 $11 10. Bxc6 Bxc6) 10. Qe2 O-O 11. Rfd1 Qc8 12. Bxc4 a6 13. Rac1 b5 (13... Rd8 $142) 14. Bd3 $16 {[%emt 0:00:19] Ne4 would now be deadly.} Be7 15. Ne5 (15. Ne4 $18) 15... Rd8 16. Ne4 {[%emt 0:01:04] [#] Strongly threatening Nxf6+. White has more active pieces.} Nd5 {[%emt 0:03:48] This costs Black the game.} (16... Be8 $16 17. Ng5 Qb7 18. Ngxf7 Rdc8) 17. Ng5 Bxg5 18. Bxg5 $40 {[%emt 0:00:08][%mdl 128] White is out for blood.} Rf8 (18... Nxe5 $142 19. Rxc8 Rdxc8) 19. Bb1 $18 f5 (19... Nxe5 $142 20. Rxc8 Raxc8) 20. e4 fxe4 21. Qxe4 {[%emt 0:01:08][%csl Gb1][%cal Re4h7] [#]} Rf5 22. Nxc6 Bxc6 23. Rxd5 Rxd5 (23... Qe8 24. Rxc6 exd5 25. Qxe8+ (25. Qxf5 $2 Qe1#) 25... Rxe8) 24. Qxh7+ {[%emt 0:00:08] Black is weak on the dark squares} Kf8 25. Qh8+ Kf7 26. Qh5+ Kf8 27. Bg6 Rxg5 28. Qxg5 {[%emt 0:00:06] Qc5+ would kill now.} Qd8 29. Qc5+ Qe7 30. Qxc6 Rd8 31. g3 Qf6 32. Qc5+ {[%emt 0:00:09] White mates.} Kg8 33. Qh5 Qd4 34. Qh7+ Kf8 35. Qh8+ Ke7 36. Rc7+ Kf6 37. Qxg7+ Kg5 38. h4+ Kg4 39. Be4+ Qxg7 40. Rxg7+ {[%emt 0:00:06] KRB-KR} Kh5 41. Rh7+ Kg4 42. Kg2 Rd2 43. Rg7+ Kh5 44. Kh3 Rxf2 45. Rh7# {[%emt 0:00:06] Weighted Error Value: White=0.31/Black=1.10.  Loses game:     	---       	Black=1      Mistake:       	White=1     	Black=5      Inaccurate:     	---       	Black=4      OK:         	White=8     	Black=4      Best:        	White=1     	Black=2} 1-0

[Event "WR Chess Masters Cup 2024"]
[Site "London"]
[Date "2024.10.14"]
[Round "1.1"]
[White "Abdusattorov, Nodirbek"]
[Black "Kosteniuk, Alexandra"]
[Result "0-1"]
[ECO "B15"]
[WhiteElo "2783"]
[BlackElo "2480"]
[Annotator "TA"]
[PlyCount "76"]
[EventDate "2024.10.12"]
[EventType "k.o."]
[EventCountry "ENG"]
[SourceTitle "playchess.com"]
[Source "ChessBase"]
[SourceQuality "1"]
[TimeControl "30/3600:20/1800:1800"]

1. e4 c6 2. d4 d5 3. Nd2 dxe4 4. Nxe4 Nf6 5. Nxf6+ exf6 6. c3 Bd6 7. Bd3 h5 8. Nf3 h4 9. h3 Be6 {[%emt 0:01:26] White is slightly better.} 10. O-O Qd7 11. Re1 Kf8 12. Nd2 Bc7 13. Ne4 b6 {[%emt 0:00:17] Wards off Nc5} (13... Bd5 $16) 14. Qf3 $18 Qd5 15. b3 Qh5 16. Qe3 Nd7 17. Ba3+ Kg8 18. c4 f5 19. Ng5 f4 20. Qf3 Qxf3 21. Nxf3 {[%emt 0:00:27] Strongly threatening Be4.} (21. gxf3 Nf8 22. Bxf8 Rxf8) 21... Nf6 22. Ng5 Bd7 23. Re7 Rh5 24. Nxf7 {[%emt 0:03:44] And now Bg6 would win.} Re8 25. Bg6 Ra5 {[%emt 0:00:02] [#]} 26. Nh6+ $1 gxh6 27. Bxe8 Bxe8 28. Bb4 Bd8 29. Rb7 {[%emt 0:01:18][%mdl 1024] White has strong compensation.} Rg5 {[%emt 0:00:22] [#]} 30. Rb8 $1 (30. Rxa7 f3 31. Re1 Rxg2+ (31... fxg2 $2 32. Ra8 $18) 32. Kf1 Rh2 $11) 30... Bc7 {[%emt 0:00:00] [#]} 31. Rc8 f3 (31... c5 $16) 32. g4 $2 (32. Rxc7 $18 Rxg2+ 33. Kh1) 32... hxg3 $1 $11 {[%emt 0:01:01] ...Rg7 would now be deadly.} 33. Rf1 $2 (33. Rxc7 $2 Ne4 34. fxg3 Rxg3+ 35. Kf1 Rxh3 $19 (35... f2 $2 36. Re7 $19)) (33. Be7 $11 Ne4 (33... gxf2+ $2 34. Kxf2 Ne4+ 35. Kxf3 $18) 34. Bxg5 (34. Rxc7 gxf2+ 35. Kh1 Rg3 36. Kh2 Rg2+ 37. Kh1 Ng3#) (34. Rxe8+ Kf7 $11) 34... Nxf2 35. Rxe8+ Kf7 36. Re7+ Kf8 37. Rxc7 (37. Bxh6+ $2 Kxe7 38. Kf1 Nxh3 $19) 37... Nxh3+ 38. Kh1 Nf2+ 39. Kg1 Nh3+ 40. Kh1 Nf2+ 41. Kg1 Nh3+) 33... g2 $19 34. Re1 {[%emt 0:00:02] [#]} Rh5 $1 35. Re3 {[%emt 0:00:20] [#]} (35. Rexe8+ Nxe8) 35... Bh2+ $1 36. Kxh2 {[%emt 0:00:00] [#]} Rxh3+ {[%emt 0:00:05][%mdl 512] Black is clearly winning.} 37. Kxh3 g1=Q {[%emt 0:00:06] ( -> ...Qg4+)} (37... g1=B $2 {perishes.} 38. Rxf3 (38. Rcxe8+ Nxe8 39. Rxe8+ Kg7 $18) 38... Kg7 39. Rc7+ Kg6 40. Rg3+ (40. Rxa7 Bd7+ 41. Rxd7 Nxd7 $18) 40... Kh5 41. Rxg1 $18) 38. Rcxe8+ Kh7 {[%emt 0:02:04] Black used his chance.   Weighted Error Value: White=0.50/Black=0.10 (very precise) .  Loses game:     	White=1     	---        Missed win:     	White=1     	---        Mistake:       	---       	Black=2      Inaccurate:     	White=1     	---        OK:         	White=19    	Black=6      Best:        	White=1     	Black=6      Strong:       	---       	Black=1} 0-1

[Event "WR Chess Masters Cup 2024"]
[Site "London"]
[Date "2024.10.14"]
[Round "1.1"]
[White "Firouzja, Alireza"]
[Black "Vaishali, Rameshbabu"]
[Result "1-0"]
[ECO "C02"]
[WhiteElo "2767"]
[BlackElo "2487"]
[Annotator "TA"]
[PlyCount "141"]
[EventDate "2024.10.12"]
[EventType "k.o."]
[EventCountry "ENG"]
[SourceTitle "playchess.com"]
[Source "ChessBase"]
[SourceQuality "1"]
[TimeControl "30/3600:20/1800:1800"]

1. e4 e6 2. d4 d5 3. e5 c5 4. c3 Nc6 5. Nf3 Bd7 6. Be2 f6 7. O-O fxe5 8. Nxe5 Nxe5 9. dxe5 Qc7 10. Re1 {[%emt 0:02:15] The modern move.} O-O-O 11. Bf1 Ne7 {[%emt 0:00:51] C02: French: Advance Variation.} 12. c4 $5 {[%emt 0:01:42][%mdl 4] A promising side line.} Kb8 $146 ({Predecessor:} 12... d4 13. Nd2 Nc6 14. Nf3 h6 15. Bd3 g5 16. h3 Bg7 17. Qe2 Rdf8 18. Be4 b6 19. Bc2 {1-0 Schroeder,J (2235)-Andersen,H (2222) BL2-West 1112 2011 (6.8)}) 13. Nc3 dxc4 14. Bxc4 Nf5 15. Be3 Be7 16. Qg4 h5 17. Qg6 Nh4 18. Qf7 Bc8 19. Nb5 Qc6 20. Bf1 Nf5 21. Nd6 Rdf8 22. Qg6 Nxd6 23. exd6 Bxd6 24. Rac1 Qc7 25. h3 Rf6 26. Qd3 Rd8 27. Qc2 Rf5 28. Bd3 Re5 29. Be4 g5 30. Bd2 c4 (30... g4 $11) 31. Qxc4 $14 Rc5 (31... Qxc4 $14 32. Rxc4 Rb5) 32. Qe2 $16 Bh2+ 33. Kh1 Bf4 34. Bxf4 gxf4 35. Rxc5 Qxc5 36. Bf3 h4 37. Kg1 Rd4 38. a3 a5 39. Qe5+ Qxe5 40. Rxe5 b6 41. Re4 Rxe4 42. Bxe4 Kc7 {[%emt 0:00:02] [#]} 43. g3 $1 fxg3 44. fxg3 Kd6 $2 (44... hxg3 $16 45. h4 (45. Kg2 Kd6 $18) 45... Kd8) 45. gxh4 $18 Ke5 46. h5 Kf6 47. h6 e5 48. h7 Kg7 49. Kg2 Bd7 50. Kg3 Be6 51. h4 Bb3 52. Kg4 b5 53. h5 b4 54. axb4 axb4 55. h6+ Kh8 56. Kg5 Bd1 57. Kf6 b3 58. Kxe5 Bg4 59. Kd4 Bd7 60. Kc3 Bf5 61. Bd3 Be4 62. Bc4 Kxh7 {[%emt 0:00:37] [#]} 63. Bd3 $1 ({Weaker is} 63. Bxb3 Kxh6 64. Kd4 Bg6 $14) 63... Bxd3 64. Kxd3 Kxh6 65. Kc3 Kg6 66. Kxb3 Kf6 67. Kc4 Ke6 68. Kc5 Kd7 69. Kb6 Kc8 70. b4 Kb8 71. b5 1-0

[Event "WR Chess Masters Cup 2024"]
[Site "London"]
[Date "2024.10.14"]
[Round "1.1"]
[White "Anand, Viswanathan"]
[Black "Royal, Shreyas"]
[Result "1/2-1/2"]
[ECO "C84"]
[WhiteElo "2751"]
[BlackElo "2519"]
[Annotator "TA"]
[PlyCount "106"]
[EventDate "2024.10.12"]
[EventType "k.o."]
[EventCountry "ENG"]
[SourceTitle "playchess.com"]
[Source "ChessBase"]
[SourceQuality "1"]
[TimeControl "30/3600:20/1800:1800"]

1. e4 e5 2. Nf3 Nc6 3. Bb5 a6 4. Ba4 Nf6 5. O-O Nxe4 6. d4 Be7 7. Qe2 b5 {[%emt 0:01:36] C84: Closed Ruy Lopez: Unusual White 6th moves.} 8. Bb3 d5 9. dxe5 Nc5 10. Rd1 Nxb3 11. cxb3 $146 ({Predecessor:} 11. axb3 Bg4 12. h3 Bh5 13. Nc3 Nb4 14. g4 Bg6 15. Nd4 h5 16. Bf4 hxg4 17. hxg4 {0-1 Soltanici,R (2409)-Pultinevicius,P (2510) Titled Tuesday intern op1 4th Febr blitz 2020 (2)}) 11... Bf5 12. Be3 O-O 13. Nc3 Be6 14. Qd2 d4 15. Bxd4 Bg4 16. Qf4 Bxf3 17. gxf3 Qd7 18. Qe4 Nxd4 19. Rxd4 Qe6 20. Rad1 (20. Nd5 $142 Rac8 21. Rc1) 20... f6 {[%emt 0:05:13] [#]} (20... Bc5 $16 {might work better.}) 21. exf6 (21. Nd5 $1 $18 {has better winning chances.} fxe5 22. Nxc7) 21... Qxf6 22. Nd5 Qg5+ 23. Qg4 Qxg4+ 24. fxg4 Bd6 25. Kg2 Rae8 26. R4d2 h5 27. h3 Re4 28. f3 Re6 29. Rc2 (29. gxh5 Rf5 $11) 29... hxg4 30. fxg4 ({But not} 30. hxg4 Rh6 31. Rf2 Rh2+ 32. Kf1 Rh3 $11) 30... c6 31. Nc3 ({Don't play} 31. Rxc6 Re2+ 32. Kh1 Bg3 $15) 31... Rfe8 32. Rdd2 Bb4 33. a3 Bxc3 34. Rxc3 b4 (34... a5 $1 $14) 35. axb4 $16 Re4 36. Rxc6 Rxb4 37. Rc3 Rbe4 38. Kf3 Re1 (38... Rb4 $16 39. Rd6 Rf8+ 40. Kg3 Rfb8) 39. Rd6 $18 R1e2 (39... a5 $142 40. Ra6 Rb1) 40. Rxa6 $18 Rxb2 41. Rb6 Re1 42. Kf4 Rh1 $2 (42... Rbe2 {is more resistant.} 43. Kg5 Re5+ 44. Kh4 Rd5) 43. Kg5 $18 Kh7 44. Rc7 Rxh3 {[%emt 0:00:13] [#]} (44... Rd2 $18 45. Rh6+ Kg8) 45. b4 $2 (45. Rg6 $1 {mates} Kh8 46. Rcxg7 Rh5+ 47. gxh5 (47. Kxh5 Rh2+ 48. Kg5 Rh5+ 49. Kf6 Rf5+ 50. Ke7 Rf7+ 51. Ke6 Re7+ 52. Kd6 Rd7+ 53. Kc6 Rc7+ 54. Kb5 Rc5+ 55. Kb6 Rb5+ 56. Ka7 Rb7+ 57. Ka6 Ra7+ 58. Kb5 Ra5+ 59. Kc4 Rc5+ 60. Kd4 Rc4+ 61. Kd5 Rc5+ 62. Kd6 Rd5+ 63. Kc7 Rd7+ 64. Kc6 Rc7+ 65. Kb6 Rb7+ 66. Ka6 Ra7+ 67. Kb6 Rb7+ 68. Kc6 Rc7+ $11) 47... Rg2+ 48. Kf6 Rf2+ 49. Ke6 Re2+ 50. Kd6 Rd2+ 51. Kc6 Rc2+ 52. Kb6) 45... Rd3 $11 46. Rh6+ Kg8 47. Rg6 Rd5+ 48. Kh4 Rxb4 49. Rcxg7+ Kh8 50. Ra7 Rb1 51. Rh6+ Kg8 52. Rc6 Rh1+ 53. Kg3 Rd8 1/2-1/2

[Event "WR Chess Masters Cup 2024"]
[Site "London"]
[Date "2024.10.14"]
[Round "1.1"]
[White "Praggnanandhaa R"]
[Black "Bologan, Victor"]
[Result "1-0"]
[ECO "E26"]
[WhiteElo "2746"]
[BlackElo "2608"]
[Annotator "TA"]
[PlyCount "51"]
[EventDate "2024.10.12"]
[EventType "k.o."]
[EventCountry "ENG"]
[SourceTitle "playchess.com"]
[Source "ChessBase"]
[SourceQuality "1"]
[TimeControl "30/3600:20/1800:1800"]

1. d4 Nf6 2. c4 e6 3. Nc3 Bb4 4. a3 Bxc3+ 5. bxc3 c5 6. e3 Nc6 7. Bd3 b6 8. e4 e5 9. d5 {[%emt 0:08:28][%cal Of2f4] Black must now prevent f4!} Na5 10. f4 d6 {[%emt 0:02:41] White is slightly better.} 11. fxe5 (11. Nf3 $14) 11... dxe5 12. Nf3 Qe7 13. Bg5 h6 (13... O-O $11) 14. Bh4 $14 g5 15. Bg3 Nd7 16. O-O h5 17. Be2 $36 {[%emt 0:09:39][%mdl 2048] aiming for d6. Black is under strong pressure.} Nb7 {[%emt 0:03:33] [#]} 18. d6 {[%emt 0:02:47] White is more active.} Nxd6 $11 {[%emt 0:05:37][%cal Oc8b7] [#] ...Bb7! is the strong threat.} 19. Nxe5 $1 Nxe5 20. Qd5 Bb7 (20... Ndxc4 $1 $11 21. Bxc4 (21. Qxa8 O-O $11) 21... Nxc4) 21. Qxe5 $16 Rh6 {[%emt 0:00:27] [#] This costs Black the game.} (21... Qxe5 $16 22. Bxe5 Rh6) 22. Qg7 $1 $18 Rg6 (22... Qf8 23. Qxg5 Nxe4) 23. Qh8+ {[%emt 0:00:23] White is clearly winning.} Kd7 24. Qxh5 Qxe4 25. Bg4+ {[%emt 0:02:25] A strong pair of Bishops.} f5 26. Qh7+ {[%emt 0:00:33] Weighted Error Value: White=0.11 (very precise) /Black=0.76.  Loses game:     	---       	Black=1      Mistake:       	White=2     	Black=3      Inaccurate:     	---       	Black=2      OK:         	White=7     	Black=3      Best:        	White=3     	Black=1      Strong:       	White=1     	---        Brilliant:      	White=1     	---} (26. Qxg6 $2 Qxg2#) 1-0

[Event "WR Chess Masters Cup 2024"]
[Site "London"]
[Date "2024.10.14"]
[Round "1.1"]
[White "Vachier-Lagrave, Maxime"]
[Black "Sindarov, Javokhir"]
[Result "1/2-1/2"]
[ECO "C83"]
[WhiteElo "2735"]
[BlackElo "2668"]
[Annotator "TA"]
[PlyCount "64"]
[EventDate "2024.10.12"]
[EventType "k.o."]
[EventCountry "ENG"]
[SourceTitle "playchess.com"]
[Source "ChessBase"]
[SourceQuality "1"]
[TimeControl "30/3600:20/1800:1800"]

1. e4 e5 2. Nf3 Nc6 3. Bb5 a6 4. Ba4 Nf6 5. O-O Nxe4 6. d4 b5 7. Bb3 d5 8. dxe5 Be6 9. c3 Be7 10. Bf4 Qd7 11. Nbd2 Nc5 12. Bc2 {[%emt 0:00:10] Wards off Nd3} d4 {[%emt 0:00:14] The position is equal.} 13. Ne4 dxc3 14. bxc3 Rd8 15. Qb1 Bd5 {[%emt 0:08:17] [#]} ({Better is} 15... Nxe4 $14 16. Bxe4 h6) 16. Nxc5 $1 $16 Bxc5 {[%emt 0:00:04] [#]} 17. e6 (17. Bf5 $1 $16 Be6 18. Bxh7) 17... fxe6 $11 18. Bxh7 Bxf3 19. gxf3 Ne7 20. Qc2 Bd6 21. Rad1 Qc6 22. Bg6+ Kf8 23. Kg2 Rh4 24. Be4 {[%emt 0:02:29] Chess con chili.} Qc5 25. Bg3 {[%emt 0:00:06] This pair of bishops is nice.} Rh6 26. Rd3 Kf7 27. Qd2 Rdh8 28. Rxd6 (28. Bxd6 $2 {is the wrong capture.} cxd6 29. Qf4+ Ke8 (29... Nf5 $2 30. Bxf5 Rxh2+ 31. Qxh2 $17) 30. Qxd6 (30. Rxd6 $2 {loses.} Rxh2+ 31. Qxh2 Rxh2+ 32. Kxh2 Qxd6+ $19) 30... Qg5+ 31. Kh1 (31. Qg3 $2 {leads to mate.} Rxh2+ 32. Kg1 Rh1+ 33. Kg2 R8h2#) 31... Rxh2+ 32. Qxh2 Rxh2+ 33. Kxh2 Nd5 $19) ({White should try} 28. Rg1 $15) 28... cxd6 $17 29. Bxd6 Qh5 ({Black should play} 29... Qc8 $17 {[%cal Oe6e5] Strongly threatening ...e5!} 30. Bg3 Nf5) 30. Bg3 $15 {[%emt 0:00:00] Black is slightly better.} Nd5 {[%emt 0:00:00] Prevents Qf4+.} 31. h4 Rd8 32. Rc1 g5 {[%emt 0:20:33] Weighted Error Value: White=0.12 (very precise) /Black=0.09 (flawless) .  Mistake:       	White=2     	Black=2      Inaccurate:     	---       	Black=1      OK:         	White=7     	Black=7      Best:        	White=1     	Black=1      Strong:       	White=1     	---} 1/2-1/2

[Event "WR Chess Masters Cup 2024"]
[Site "London"]
[Date "2024.10.14"]
[Round "1.1"]
[White "Topalov, Veselin"]
[Black "Vidit, Santosh Gujrathi"]
[Result "0-1"]
[ECO "C65"]
[WhiteElo "2727"]
[BlackElo "2726"]
[Annotator "TA"]
[PlyCount "86"]
[EventDate "2024.10.12"]
[EventType "k.o."]
[EventCountry "ENG"]
[SourceTitle "playchess.com"]
[Source "ChessBase"]
[SourceQuality "1"]
[TimeControl "30/3600:20/1800:1800"]

1. e4 e5 2. Nf3 Nc6 3. Bb5 Nf6 4. d3 Bc5 5. c3 O-O 6. O-O d5 7. Nbd2 a5 8. h3 {[%emt 0:02:56] Weiß steht etwas besser.} dxe4 9. dxe4 Qe7 10. a4 Na7 11. Bc4 Bd7 12. Qc2 Bc6 13. Re1 Nc8 14. Bd3 Nb6 15. b3 Rfd8 16. Nc4 Nxc4 17. Bxc4 h6 18. Nh4 Bd7 19. Ng6 {[%emt 0:02:39] Verhindert Ng4} (19. Re2 {vereinfacht} Be6 20. Bxe6 Qxe6 21. Nf5) 19... Qe8 20. Qe2 c6 $1 {[%emt 0:03:58] Weiss muss nun ...b5 beachten.} 21. Nh4 $1 Be6 (21... b5 $17 22. axb5 cxb5) 22. Nf3 $11 Nd7 23. Rb1 Bxc4 24. Qxc4 Qe7 25. Bd2 Nb6 26. Qe2 Rd7 27. Red1 Rad8 28. c4 Bb4 {[%emt 0:00:29] Pariert Bc3.} 29. Be3 Rxd1+ 30. Rxd1 Rxd1+ 31. Qxd1 Nd7 32. Kf1 b6 33. Bc1 Nc5 34. Qc2 Qd6 35. Be3 Nxe4 36. Bxb6 $1 f5 37. Be3 f4 38. Bb6 (38. Qxe4 $2 {wird mattgesetzt.} Qd1+) (38. Bxf4 $2 Qg6 39. Qc1 (39. Bxe5 $2 Ng3+ 40. Kg1 Qxc2 $19) 39... exf4 40. Qxf4 Nc5 $19) 38... Nc3 $36 {[%emt 0:00:52][%mdl 2048] Droht stark ...e4. Schwarz hat Initiative.} (38... Nf6 $5 39. c5 $8 Qd5 $15) 39. Qd2 $2 {[%emt 0:01:51][%mdl 8192] [#]} (39. Kg1 $11 {und Weiss muss sich keine Sorgen machen.}) 39... Nd5 $1 $19 40. c5 (40. Bc5 Qxc5) 40... Qg6 {[%emt 0:04:25] Schwarz steht klar auf Gewinn.} (40... Bxc5 41. Bxc5 (41. Bxa5 $2 {ist das falsche Schlagen.} e4 $19) 41... Qxc5 42. Nxe5 $18) 41. Qd1 e4 {[%emt 0:00:29][%cal Oe4e3] Zielt auf ...e3! ab.} 42. Qc2 Qf6 {[%emt 0:01:16] ( -> ...Qa1+)} 43. Qxe4 {[%emt 0:01:07] Und Kg1 würde nun gewinnen.} Qa1+ {[%emt 0:00:07] Gewichteter Fehlerwert: Weiß=0.49/Schwarz=0.07 (makellos) .  Verlustzug:     	Weiß=1     	---        Fehler:       	---       	Schwarz=1     Ungenau:       	Weiß=7     	Schwarz=1     OK:         	Weiß=8     	Schwarz=15    Bester:       	---       	Schwarz=2     Stark:        	Weiß=2     	Schwarz=1     Brilliant:      	---       	Schwarz=1} 0-1

[Event "WR Chess Masters Cup 2024"]
[Site "London"]
[Date "2024.10.14"]
[Round "1.1"]
[White "Maghsoodloo, Parham"]
[Black "Sadhwani, Raunak"]
[Result "0-1"]
[ECO "D50"]
[WhiteElo "2719"]
[BlackElo "2659"]
[Annotator "TA"]
[PlyCount "124"]
[EventDate "2024.10.12"]
[EventType "k.o."]
[EventCountry "ENG"]
[SourceTitle "playchess.com"]
[Source "ChessBase"]
[SourceQuality "1"]
[TimeControl "30/3600:20/1800:1800"]

1. d4 Nf6 2. c4 e6 3. Nf3 d5 4. Nc3 c5 5. cxd5 cxd4 6. Qxd4 exd5 7. Bg5 Be7 8. e3 O-O 9. Be2 h6 10. Bh4 Nc6 {[%emt 0:00:16] The position is equal.} 11. Qd3 Qb6 12. O-O Rd8 13. Rfd1 Be6 14. h3 a6 15. a3 g5 16. Bg3 Ne4 17. Nxe4 dxe4 18. Qxe4 Qxb2 19. Re1 Bd5 $132 {[%emt 0:03:21][%mdl 2048] Black is not keeping still} 20. Qg4 Be6 21. Qh5 Qg7 22. Bc7 Rd7 23. Bb6 Bd8 24. Bd4 Bf6 25. Bxf6 Qxf6 26. h4 (26. Rac1 {simplifies} Kg7 27. h4 gxh4 28. Qxh4 Qxh4 29. Nxh4 Rd2 30. Bc4) 26... gxh4 {[%emt 0:01:25] [#]} (26... g4 $5 27. Nh2 $8 Ne5 $11 (27... g3 28. fxg3 Ne5 29. a4 $14)) 27. Bc4 $1 h3 28. Bxe6 Qxe6 29. Qxh3 Qxh3 30. gxh3 Re8 31. Red1 Red8 32. Rxd7 Rxd7 $11 {[%emt 0:00:02][%mdl 4096] Endgame. KRN-KRN} 33. Rb1 b5 34. Rc1 Rd6 35. Nh4 Ne5 36. Rc8+ Kh7 37. Rc5 Re6 38. Kg2 Nc4 39. a4 Rb6 40. Rc7 Kg8 41. Nf5 Nd2 42. Rd7 Nc4 {[%emt 0:00:44] aiming for ...b4.} 43. Rd4 Na5 44. Rb4 Nc6 45. Rh4 (45. Rb1 $11 {remains equal.}) 45... b4 $17 {[%emt 0:02:41] Hoping for ...b3.} 46. Nxh6+ (46. Rxh6 f6 (46... a5 47. Nd4 $14) 47. Nd6 (47. Rxf6 $2 b3 $19) 47... b3 $17) 46... Kg7 ({Better is} 46... Kf8 $17 47. Nf5 Ne7) 47. Nf5+ $11 Kg8 {[%emt 0:00:04][%mdl 1024] White must now prevent ...b3. Black has compensation.} 48. a5 Rb5 49. Rg4+ Kf8 50. Nd6 (50. Rc4 $17 Rxf5 (50... Nxa5 51. Rc8#) 51. Rxc6 Rxa5 52. Rb6) 50... Rd5 51. Nc4 b3 $1 {[%emt 0:01:22] Black is more active.} (51... Nxa5 $2 52. Nxa5 Rxa5 53. Rxb4 $18) 52. e4 $2 {[%emt 0:08:56] Loses the game.} (52. Nb2 $17) 52... Rd4 53. e5 $2 {[%emt 0:01:00] [#]} (53. Rg3) 53... Rxc4 $1 $19 54. Rxc4 b2 (54... Nxe5 $2 {too greedy.} 55. Rb4 $18) 55. Rxc6 b1=Q {[%emt 0:00:06] ( -> ...Qe4+). KQ-KR} (55... b1=B 56. Rxa6 Ke8 57. Rd6 f6 58. Rxf6 (58. exf6 Bf5 59. a6 Be4+ 60. f3 Ba8 61. h4 Kf8 62. h5 Kf7) 58... Be4+ 59. f3 Ba8 60. a6) 56. Rf6 Qe4+ 57. Kg1 Qe1+ 58. Kg2 Qxa5 {[%emt 0:00:05] Threatens to win with ...Qd5+.} 59. f4 Qd5+ {[%emt 0:00:58] Black mates.} 60. Kg3 a5 61. Kg4 a4 62. Ra6 {[%emt 0:00:19] [#]} Qe6+ $3 {[%emt 0:00:11][%mdl 512] Weighted Error Value: White=0.44/Black=0.08 (flawless) .  Loses game:     	White=1     	---        Mistake:       	White=4     	Black=1      Inaccurate:     	---       	Black=1      OK:         	White=21    	Black=20     Best:        	White=3     	Black=3      Strong:       	---       	Black=1      Brilliant:      	---       	Black=1} 0-1

[Event "WR Chess Masters Cup 2024"]
[Site "London"]
[Date "2024.10.14"]
[Round "1.2"]
[White "Vidit, Santosh Gujrathi"]
[Black "Topalov, Veselin"]
[Result "1-0"]
[ECO "D13"]
[WhiteElo "2726"]
[BlackElo "2727"]
[Annotator "RC"]
[PlyCount "105"]
[EventDate "2024.10.12"]
[EventType "k.o."]
[EventCountry "ENG"]
[SourceTitle "playchess.com"]
[Source "ChessBase"]
[SourceQuality "1"]
[TimeControl "30/3600:20/1800:1800"]

1. d4 d5 2. c4 c6 3. cxd5 cxd5 4. Nf3 Nc6 5. Nc3 Nf6 6. Bf4 Ne4 7. e3 e6 8. Nxe4 dxe4 9. Nd2 Bb4 10. a3 Bxd2+ 11. Qxd2 O-O 12. Rc1 Ne7 13. Be2 Nd5 14. Bg3 Bd7 15. O-O Bc6 16. Qc2 Qd7 17. Rfe1 Ne7 18. Qc5 Rfc8 19. Qd6 Qe8 20. Qf4 h6 21. h4 Bd5 22. h5 Rc6 23. Rxc6 Qxc6 24. Qd6 Qe8 25. Rc1 Rd8 26. Qf4 Bc6 27. Qg4 Nf5 28. Rc5 b6 29. Rc3 Bd5 30. Rc7 Rc8 31. Bb5 Qd8 32. Rxa7 Qg5 33. Qxg5 Rc1+ 34. Kh2 hxg5 35. Be8 Nh6 36. Bd6 Rf1 37. Be7 Rxf2 38. Bxg5 Rf5 39. Bxh6 Rxh5+ 40. Kg1 Rxh6 41. Ra6 e5 42. dxe5 Bc6 43. Bxc6 Rxc6 44. Ra4 Rc1+ 45. Kh2 Rc2 46. Rb4 Re2 47. Kg3 g5 48. Rxb6 Rxe3+ 49. Kf2 Rd3 50. a4 Rd2+ 51. Ke3 Rxg2 52. a5 Rg1 53. Kxe4 1-0